 Dungeon Crawl Stone Soup version 0.30-a0-883-g5ad918d77d (webtiles) character file.

Game seed: 1898825649568567152

88 lunkers the Digger (level 5, -6/38 HPs)
             Began as a Meteoran Earth Elementalist on Mar 17, 2023.
             Killed by nerve-wracking pain
             ... invoked by Grinder
              (8 damage)
             ... on level 3 of the Dungeon.
             The game lasted 00:03:19 (601 turns).

lunkers the Digger (Meteoran Earth Elementalist)     Turns: 601, Time: 00:03:19

Health: -6/38      AC:  2    Str:  9    XL:     5   Next: 9%
Magic:  5/11       EV: 12    Int: 19    God:
Gold:   77         SH:  0    Dex: 14    Spells: 10/11 levels left

rFire   . . .      SeeInvis .    (no weapon)
rCold   . . .      Faith    .    (no shield)
rNeg    . . .      Spirit   .    a - +0 robe
rPois   .          Reflect  .    (no helmet)
rElec   .          Rampage  .    (no cloak)
rCorr   .                        (no gloves)
Will    .....                    (no boots)
Stlth   +                        (no amulet)
HPRegen 0.26/turn                (no ring)
MPRegen 0.12/turn                (no ring)

@: glowing
A: sense surroundings 1, otherworldly, glowing, explore regen
a: no special abilities


You were on level 3 of the Dungeon.
You visited 1 branch of the dungeon, and saw 3 of its levels.

You collected 77 gold pieces.

Inventory:

Armour
 a - a +0 robe (worn)
Scrolls
 d - 2 scrolls of summoning {unknown}
 e - a scroll of magic mapping {unknown}
 g - a scroll of fog {unknown}
 h - a scroll of brand weapon {unknown}
Potions
 b - a potion of magic
 c - a potion of degeneration {unknown}
 f - 2 potions of flight {unknown}


   Skills:
 - Level 2.4 Dodging
 - Level 1.4 Stealth
 + Level 3.9 Spellcasting
 - Level 1.2 Transmutations
 * Level 5.5 Earth Magic


You had 10 spell levels left.
You knew the following spells:

 Your Spells              Type           Power      Damage    Failure   Level
a - Sandblast             Erth           48%        2d12      1%          1

Your spell library contained the following spells:

 Spells                   Type           Power      Damage    Failure   Level
 Passwall                 Tmut/Erth      13%        N/A       5%          2
 Stone Arrow              Conj/Erth      28%        3d8       13%         3
 Petrify                  Tmut/Erth      16%        N/A       34%         4


Dungeon Overview and Level Annotations

Branches:
Dungeon (3/15) Zot: 1176

Altars:

Shops:
D:3 (

Annotations:
D:3 Grinder


Innate Abilities, Weirdness & Mutations

You passively map a small area around you.
You are easily found by Zot.
You glow in the dark.
You regain HP and MP as you explore.


Message History

Grinder is moderately wounded.
Grinder closely misses you.
Unknown command.
Aiming: Sandblast (safe; 1% risk of failure)
Press: ? - help, Q - select action Shift-Dir - straight line, f/p - Grinder
Aim: Grinder (moderately wounded, 81% to hit)
The blast of sand hits Grinder!
Grinder is almost dead.
Grinder gestures at you. You resist with some effort. Grinder gestures at you.
You suddenly lose the ability to move!
Grinder hits you.
* * * LOW HITPOINT WARNING * * *
You writhe in agony.
* * * LOW HITPOINT WARNING * * *
Grinder gestures at you. You resist with some effort. Grinder hits you!
* * * LOW HITPOINT WARNING * * *
Grinder hits you!
* * * LOW HITPOINT WARNING * * *
You writhe in agony.
* * * LOW HITPOINT WARNING * * *
You can move again.
Aiming: Sandblast (safe; 1% risk of failure)
Press: ? - help, Q - select action Shift-Dir - straight line, f/p - Grinder
Aim: Grinder (severely wounded, 81% to hit)
The blast of sand hits Grinder but does no damage.
Grinder is severely wounded.
Grinder drinks a potion.
Grinder is healed!
Unknown command.
Aiming: Sandblast (safe; 1% risk of failure)
Press: ? - help, Q - select action Shift-Dir - straight line, f/p - Grinder
Aim: Grinder (heavily wounded, 81% to hit)
The blast of sand hits Grinder!
Grinder is almost dead.
Grinder gestures at you. Pain shoots through your body!
You die...

### * *
..#* ,
,,, ** ##
#.## * *
, .#
...## * *
.# *
....##
.## ,
.....# *,
.. * ,
....## #
.# ...##
#.#####5#
* ..##
#.....@.#
*, ..#
####.####
..#
##...# *
.##
#....# *
.# #....#
** .#
#.#### .#
#.# ,, .#
#.# * .#
###.### ,


You could see Grinder.

Vanquished Creatures
  Jessica (D:2)
  4 adders (D:2)
  An orc (D:3)
  3 endoplasms
  2 giant cockroaches (D:1)
  2 goblins (D:1)
  3 jackals (D:1)
  2 kobolds
  A quokka (D:1)
  2 ball pythons
  A bat (D:2)
  3 frilled lizards (D:1)
  3 rats
28 creatures vanquished.

Notes
Turn   | Place    | Note
-------+----------+-------------------------------------------
     0 | D:1      | lunkers the Meteoran Earth Elementalist began the quest for
                  | the Orb.
     0 | D:1      | Reached XP level 1. HP: 14/14 MP: 5/5
    34 | D:1      | Reached XP level 2. HP: 15/20 MP: 0/6
    42 | D:1      | Reached skill level 4 in Earth Magic
    52 | D:1      | You fall into a shaft and drop 1 floor!
    86 | D:2      | Reached XP level 3. HP: 26/26 MP: 6/8
   180 | D:2      | Noticed Jessica
   185 | D:2      | Killed Jessica
   186 | D:2      | Reached skill level 5 in Earth Magic
   186 | D:2      | Reached XP level 4. HP: 32/33 MP: 4/10
   470 | D:2      | Reached XP level 5. HP: 22/38 MP: 7/11
   487 | D:3      | Found Opymolen's Weapon Boutique.
   590 | D:3      | Noticed Grinder
   595 | D:3      | Paralysed by Grinder for 5 turns
   599 | D:3      | HP: 1/38 [Grinder (3)]
   601 | D:3      | Killed from afar by Grinder

Illustrated notes

Levels and vault maps discovered:
D:1:      reono_arrival_mine, layout_basic, kennysheep_another_room
D:2:      layout_loops_cross, ebering_ecumenical_altar_sacrificial, st_stairs_1,
          uniq_jessica
D:3:      corexii_shack_village, layout_loops_ring,
          grunt_dithmenos_smoke_and_mirrors, serial_shops, shop, shop, shop,
          nicolae_lakefront_shop, minmay_fractal_squares_gapless_5,
          uniq_terence, uniq_crazy_yiuf_cottage, uniq_grinder

Skill      XL: |  1  2  3 |
---------------+----------+-----
Earth Magic    | 4 5 |  5.5
Spellcasting   | 3 |  3.9
Dodging        | |  2.4
Stealth        | |  1.4
Transmutations | |  1.2

Action                     |  1- 3 |  4- 6 || total
---------------------------+-------+-------++-------
  Melee: Unarmed           |    11 |       ||    11
   Cast: Sandblast         |    22 |    24 ||    46
 Armour: Robe              |     3 |     1 ||     4
  Dodge: Dodged            |    14 |     3 ||    17

Table legend: (Time is in decaauts)
 A = Elapsed time spent in this place.
 B = Non-inter-level travel time spent in this place.
 C = Inter-level travel time spent in this place.
 D = Time resting spent in this place.
 E = Time spent auto-exploring this place.
 F = Levels seen in this place.
 G = Mean time per level.
                   A        B        C        D        E       F      G
               +--------+--------+--------+--------+--------+-----+--------+
         Total |    622 |    617 |      5 |      0 |    355 |   3 |  207.3 |
       Dungeon |    622 |    617 |      5 |      0 |    355 |   3 |  207.3 |
               +--------+--------+--------+--------+--------+-----+--------+

Top non-repeatable levels by time:
     D:1: 285 daAuts
     D:2: 210 daAuts
     D:3: 126 daAuts
